 Dungeon Crawl Stone Soup version 0.29.1-2-gbd0b4ee654 (webtiles) character file.

Game seed: 17692505828059675140

4601 qeuew the Protected (level 10, -2/81 (82) HPs)
             Began as a Barachi Fighter on Nov 9, 2022.
             Was an Initiate of Gozag.
             Slain by Erica
             ... wielding a +0 scimitar of flaming
              (4 damage)
             ... on level 9 of the Dungeon.
             The game lasted 00:15:59 (8916 turns).

qeuew the Protected (Barachi Fighter)               Turns: 8916, Time: 00:16:00

HP:   -2/81 (82)    AC: 12    Str: 22    XL:     10   Next: 42%
MP:   10/10         EV: 16    Int:  8    God:    Gozag
Gold: 1258          SH: 11    Dex: 12    Spells: 9/9 levels left

rFire   . . .      SeeInvis .   a - +1 war axe (vorpal)
rCold   . . .      Faith    .   c - +0 buckler
rNeg    . . .      Spirit   .   g - +4 scale mail
rPois   .          Reflect  +   (no helmet)
rElec   +          Harm     .   (no cloak)
rCorr   .          Rampage  .   (no gloves)
Will    .....                   (no boots)
Stlth   ..........              v - amulet of reflection
HPRegen 0.23/turn               b - +4 ring of evasion
MPRegen 0.12/turn               u - ring of flight

@: mighty, about to teleport, flying, slowed, lightly drained, very slow
A: amphibious, slowness 1, strong legs 1, +LOS, electricity resistance, noise
suppression
a: Hop, Renounce Religion, Potion Petition, Call Merchant, Bribe Branch


You were on level 9 of the Dungeon.
You worshipped Gozag.
Gozag was most pleased with you.
You visited 2 branches of the dungeon, and saw 10 of its levels.

You collected 1308 gold pieces.
You paid 50 gold pieces to Gozag.

Inventory:

Hand Weapons
 a - a +1 vorpal war axe (weapon)
Missiles
 x - a throwing net
Armour
 c - a +0 buckler (worn)
 g - a +4 scale mail (worn)
Jewellery
 b - a +4 ring of evasion (left hand)
 u - a ring of flight (right hand)
 v - an amulet of reflection (around neck)
Wands
 j - a wand of digging (3)
 o - a wand of charming (18)
Scrolls
 h - 2 scrolls of amnesia
 i - 2 scrolls of enchant weapon
 k - 2 scrolls of brand weapon
 m - a scroll of teleportation
 p - a scroll of butterflies
 q - a scroll of summoning
 w - a scroll of identify
Potions
 e - a potion of flight
 f - a potion of ambrosia
 l - 3 potions of brilliance
 n - 5 potions of curing
 s - 2 potions of haste
 t - a potion of magic


   Skills:
 + Level 8.8 Fighting
 + Level 7.6 Axes
 + Level 8.9 Armour
 + Level 7.2 Dodging
 + Level 8.0 Shields


You had 9 spell levels left.
You didn't know any spells.
Your spell library contained the following spells:

 Spells                   Type           Power      Damage    Failure   Level
 Apportation              Tloc           0%         N/A       77%         1
 Static Discharge         Conj/Air       0%         3-3/arc   88%         2
 Sublimation of Blood     Necr           0%         N/A       88%         2
 Portal Projectile        Hex/Tloc       0%         N/A       98%         3
 Tukima's Dance           Hex            0%         N/A       98%         3
 Dispel Undead            Necr           0%         3d6       100%        4
 Sticky Flame             Conj/Fire      0%         2d3       100%        4
 Alistair's Intoxication  Tmut/Pois      0%         N/A       100%        5
 Blade Hands              Tmut           0%         N/A       100%        5
 Haunt                    Necr/Summ      0%         N/A       100%        7
 Monstrous Menagerie      Summ           0%         N/A       100%        7


Dungeon Overview and Level Annotations

Branches:
Dungeon (9/15)             Temple (1/1) D:4
   Lair: D:8-11         Orc: D:9-12

Altars:
Ashenzari
Cheibriados
Dithmenos
Elyvilon
Fedhas
Gozag
Kikubaaqudgha
Makhleb
Okawaru
Qazlal
Ru
Sif Muna
Trog
Uskayaw
Vehumet
Wu Jian
Xom
The Shining One
Jiyva
Lugonu

Shops:
D:5 :

Annotations:
D:8 1 transporter
D:9 Erica


Innate Abilities, Weirdness & Mutations

You are amphibious.
You cover ground slowly.
You can hop short distances.
You have an extended range of vision and can be seen from far away.
You are resistant to electric shocks. (rElec)
You passively dampen the noise of your surroundings.


Message History

You are too confused!
You're too confused to move!
You hear a zap.
The roots erupt in riotous growth!
The grasping roots grab you!
You are constricted.
You barely miss something. Something hits you. Something burns you.
You are constricted!
Something hits you! Something burns you.
You are constricted.
The grasping roots release their grip on you.
You slash something! Something hits you. Something burns you.
Okay, then.
You feel very mighty all of a sudden.
You hear some strange, mumbled words.
You feel yourself slow down.
You feel less confused.
You hear a zap.
The roots erupt in riotous growth!
The grasping roots grab you!
You are constricted!
Something hits you. Something burns you.
* * * LOW HITPOINT WARNING * * *
You are constricted!
* * * LOW HITPOINT WARNING * * *
You feel much better. Something hits you. Something burns you.
You are constricted.
The grasping roots release their grip on you.
You closely miss something. Something hits you!
* * * LOW HITPOINT WARNING * * *
Something burns you.
* * * LOW HITPOINT WARNING * * *
Something hits you!
* * * LOW HITPOINT WARNING * * *
Something burns you.
* * * LOW HITPOINT WARNING * * *
Okay, then.
Okay, then.
As you read the scroll of teleportation, it crumbles to dust.
You feel strangely unstable. Something hits you.
You die...
Your body crumbles into a pile of gold.

#.# #.# #..# #.# #..# #
#.# #..# #. #.# #..#
#.. #.# #..# #...####.#
##..# #.....@..#
####...#
#.....{..###......#
#...####.........<#####
#.. #.#...#....(.... #.
#.#..###........ #
#.#...#...#.####
#.#..###....# #...##
##..## #....# #...#


There were no monsters in sight!

Vanquished Creatures
  A two-headed ogre (D:8)
  A wyvern (D:8)
  Eustachio (D:4)
  2 steam dragons (D:6)
  3 orc warriors
  2 black bears
  A sky beast (D:6)
  2 ogres
  4 centaurs
  3 kobold brigands
  4 bullfrogs
  3 scorpions
  2 necrophages (D:5)
  4 wights (D:8)
  6 killer bees (D:8)
  A vampire bat (D:6)
  A howler monkey (D:6)
  8 hounds
  A jelly (D:5)
  4 orc priests
  3 gnoll boudas
  Ijyb (D:4)
  7 iguanas
  4 orc wizards
  17 gnolls
  3 adders
  A white imp (D:8)
  2 worms
  8 dart slugs
  14 orcs
  5 ball pythons
  7 bats
  6 endoplasms
  A giant cockroach (D:5)
  9 goblins
  7 hobgoblins
  9 jackals
  22 kobolds
  5 quokkas
  6 frilled lizards
  2 rats (D:3)
193 creatures vanquished.

Vanquished Creatures (others)
  2 plants
  4 toadstools (D:1)
6 creatures vanquished.

Grand Total: 199 creatures vanquished

Notes
Turn   | Place    | Note
-------+----------+-------------------------------------------
     0 | D:1      | qeuew the Barachi Fighter began the quest for the Orb.
     0 | D:1      | Reached XP level 1. HP: 18/18 MP: 1/1
   194 | D:1      | Reached XP level 2. HP: 20/25 MP: 2/2
   477 | D:1      | Reached skill level 1 in Dodging
   606 | D:1      | Reached XP level 3. HP: 26/30 MP: 3/3
  1049 | D:2      | Found a faded altar of an unknown god.
  1435 | D:3      | Reached XP level 4. HP: 37/37 MP: 4/4
  1941 | D:3      | Reached XP level 5. HP: 40/43 MP: 5/5
  2330 | D:3      | Gained mutation: You are resistant to electric shocks.
                  | (rElec) [potion of mutation]
  2330 | D:3      | Gained mutation: You passively dampen the noise of your
                  | surroundings. [potion of mutation]
  2410 | D:4      | Noticed Eustachio
  2412 | D:4      | Found a staircase to the Ecumenical Temple.
  2425 | D:4      | Killed Eustachio
  2426 | D:4      | Reached XP level 6. HP: 37/50 MP: 6/6
  2435 | Temple   | Entered the Ecumenical Temple
  2521 | Temple   | Became a worshipper of Gozag Ym Sagoz the Greedy
  2627 | D:4      | Noticed Ijyb
  2650 | D:4      | Killed Ijyb
  2651 | D:4      | Reached skill level 5 in Fighting
  2651 | D:4      | Reached skill level 5 in Armour
  3018 | D:4      | Reached XP level 7. HP: 32/56 MP: 7/7
  3182 | D:4      | Found a broken altar of Ashenzari.
  3353 | D:5      | Entered Level 5 of the Dungeon
  3431 | D:5      | Reached skill level 5 in Shields
  3493 | D:5      | Found a radiant altar of Vehumet.
  3633 | D:5      | Reached XP level 8. HP: 64/64 MP: 8/8
  3837 | D:5      | Found a sacrificial altar of Ru.
  3944 | D:5      | Found Faq Qadu's Tremendous Tomes.
  4337 | D:6      | Reached skill level 5 in Axes
  4999 | D:6      | Reached skill level 5 in Dodging
  5034 | D:6      | Reached XP level 9. HP: 34/72 MP: 9/9
  6015 | D:7      | Got the Precepts of the Curious Heavens
  6416 | D:7      | Found a shimmering altar of Xom.
  7241 | D:8      | Found a transporter.
  7268 | D:8      | Reached XP level 10. HP: 74/80 MP: 10/10
  7470 | D:8      | Noticed a two-headed ogre
  7479 | D:8      | Killed a two-headed ogre
  7715 | D:8      | Found an iron altar of Okawaru.
  8043 | D:8      | Found a viscous altar of Jiyva.
  8259 | D:8      | Found an ornate altar of the Wu Jian Council.
  8263 | D:8      | Found a shimmering blue altar of Sif Muna.
  8267 | D:8      | Found an ancient bone altar of Kikubaaqudgha.
  8280 | D:8      | Noticed a great orb of eyes
  8396 | D:8      | Found a hide-covered altar of Uskayaw.
  8902 | D:9      | Noticed Erica
  8915 | D:9      | HP: 2/81 [something (4)]
  8916 | D:9      | Slain by Erica

Illustrated notes

Levels and vault maps discovered:
D:1:      ldierk_walled_garden_2, layout_basic, nrook_loot_triangle,
          chequers_big_river
D:2:      layout_rooms, shapermc_ecumenical_altar_pompeii
D:3:      corexii_shack_village, layout_basic
D:4:      cheibrodos_pilgrimage, layout_cave_pools, nicolae_ashenzari_skybound,
          minmay_temple_entry_mist, minivault_1, nrook_mini_backslash,
          uniq_eustachio, uniq_ijyb
D:5:      layout_basic, mainiacjoe_overflow_catwalk,
          nicolae_ru_great_annihilating_truth, nicolae_shop_i_like_big_books
D:6:      minmay_recursive_quarters, layout_basic, roderic_batcave
D:7:      layout_basic, lemuel_doored_altar
D:8:      gammafunk_jiyva_shrine, layout_loops_ring,
          nicolae_uskayaw_dance_studio, mainiacjoe_overflow_small_starburst,
          grunt_temple_overflow_diamond
D:9:      layout_long_grid, lemuel_tele_altar, lemuel_coloured_pillars_altar,
          lair_entry_dummy, nicolae_figureground_pulse, uniq_harold, uniq_erica
Temple:   corrupted_temple

Skill      XL: |  1  2  3  4  5  6  7  8  9 10 |
---------------+-------------------------------+-----
Dodging        | 1 2 3 4 5 6 7 |  7.2
Armour         | 4 5 7 8 |  8.9
Fighting       | 4 5 7 8 |  8.8
Axes           | 3 4 5 7 |  7.6
Shields        | 4 5 6 7 8 |  8.0

Action                   |  1- 3 |  4- 6 |  7- 9 | 10-12 || total
-------------------------+-------+-------+-------+-------++-------
Melee: War axe           |    73 |   126 |   299 |   116 ||   614
  Use: Scroll            |     5 |     2 |    10 |     2 ||    19
       Potion            |     1 |     3 |     1 |     2 ||     7
 Stab: Distracted        |       |       |     1 |       ||     1
       Paralysed         |       |       |     1 |       ||     1
Armor: Scale mail        |    39 |    59 |   122 |    15 ||   235
Dodge: Dodged            |    35 |    98 |   252 |    71 ||   456
Block: Buckler           |    10 |    49 |   140 |    74 ||   273
       Reflection        |       |       |       |     8 ||     8
